 Dungeon Crawl Stone Soup version 0.31-a0-446-g07c4bd200f (webtiles) character file.

Game seed: 14375737208554395636

25 Ethylacetat the Insei (level 3, -1/20 HPs)
             Began as a Vine Stalker Monk on Aug 3, 2023.
             Slain by an orc
             ... wielding a +0 whip
              (2 damage)
             ... on level 1 of the Dungeon.
             The game lasted 00:01:18 (888 turns).

Ethylacetat the Insei (Vine Stalker Monk)            Turns: 888, Time: 00:01:19

Health: -1/20      AC:  2    Str: 13    XL:     3   Next: 6%
Magic:  0/5        EV: 13    Int: 10    God:
Gold:   24         SH:  0    Dex: 18    Spells: 4/4 levels left

rFire   . . .        g - +1 dagger (venom)
rCold   . . .        c - orb {light}
rNeg    . . .        a - +0 robe
rPois   .            (no helmet)
rElec   .            (no cloak)
rCorr   .            (no gloves)
SInv    .            (no boots)
Will    .....        h - amulet of magic regeneration
Stlth   +            (no ring)
HPRegen 0.23/turn    (no ring)
MPRegen 0.49/turn

%: guardian spirit
@: confused, lethally poisoned (-1 -> -6), ambrosia-drunk, glowing
A: fangs 2, magic shield, antimagic bite, no potion heal 2
a: no special abilities


You were on level 1 of the Dungeon.
You visited 1 branch of the dungeon, and saw 2 of its levels.

You collected 24 gold pieces.

Inventory:

Hand Weapons
 g - a +1 dagger of venom (weapon)
Armour
 a - a +0 robe (worn)
 c - an orb of light (worn)
Jewellery
 h - an amulet of magic regeneration (around neck)
Scrolls
 d - a scroll of fog {unknown}
 e - a scroll of teleportation {unknown}
 f - 2 scrolls of revelation {unknown}
 i - a scroll of brand weapon {unknown}
Potions
 j - a potion of lignification {unknown}
 k - 2 potions of enlightenment {unknown}


   Skills:
 + Level 3.1 Fighting
 - Level 2.4 Dodging
 + Level 3.3 Unarmed Combat
 + Level 1.3 Spellcasting


You had 4 spell levels left.
You didn't know any spells.
Your spell library was empty.

Dungeon Overview and Level Annotations

Branches:
Dungeon (2/15)

Altars:


Innate Abilities, Weirdness & Mutations

You have extremely sharp teeth.
When hurt, damage is shared between your health and your magic reserves.
Your bite disrupts and absorbs the magic of your enemies.
Potions cannot restore your health.


Message History

Found 6 stones.
The orc priest shouts!
An adder comes into view.
An orc comes into view. It is wielding a +0 trident.
You barely miss the orc.
The adder hisses angrily.
The orc hits you with a +0 whip.
You hit the orc.
The orc is heavily wounded.
The orc hits you with a +0 whip.
You hit the orc.
You kill the orc!
The orc completely misses you.
You have reached level 3!
Your experience leads to an increase in your attributes!
Increase (S)trength, (I)ntelligence, or (D)exterity?
You feel agile. x2
There is a stone staircase leading up here.
You hit the orc.
The orc is heavily wounded.
The orc closely misses you. The orc hits you with a +0 hand axe.
You hit the orc.
You kill the orc!
The adder barely misses you. The orc hits you with a +0 whip.
The orc hits you from afar with a +0 trident!
* * * LOW HITPOINT WARNING * * *
A rat comes into view.
The adder barely misses you. The orc hits you with a +0 whip.
* * * LOW HITPOINT WARNING * * *
The orc misses you.
The orc priest looks encouraged for a moment.
You climb upwards.
There is a stone staircase leading down here.
Unknown command.
You are confused.
Your system rejects the healing.
You feel invigorated. The adder bites you.
* * * LOW HITPOINT WARNING * * *
You are lethally poisoned!
The adder poisons you! The orc hits you with a +0 whip.
You die...

♣.P.P.♣ ♣♣♣.P♣♣ ♣P♣.♣
######♣P.♣ .....##..#
..##.#...#
#.##.#...###
#..........###########
###...)........S@oo..#
#..........#########.#
#.##..........♣♣♣♣♣#.#
..##.#...####.♣..P♣#.#
.....##.## #........#
..#####.# #.♣..♣♣#.#
...÷.)..#####.♣♣♣♣♣..#
...............#.#####
...##########..#.#


You could see an orc priest, an adder and an orc.

Vanquished Creatures
  2 orcs (D:2)
  4 endoplasms (D:1)
  A giant cockroach (D:1)
  A goblin (D:1)
  4 hobgoblins (D:1)
  2 kobolds (D:1)
  A quokka (D:1)
  2 ball pythons (D:1)
  A frilled lizard (D:1)
  2 rats (D:1)
20 creatures vanquished.

Notes
Turn   | Place    | Note
-------+----------+-------------------------------------------
     0 | D:1      | Ethylacetat the Vine Stalker Monk began the quest for the
                  | Orb.
     0 | D:1      | Reached XP level 1. HP: 11/11 MP: 2/2
   311 | D:1      | Reached XP level 2. HP: 14/16 MP: 2/4
   436 | D:1      | Reached skill level 1 in Spellcasting
   883 | D:2      | Reached XP level 3. HP: 15/20 MP: 3/5
   888 | D:1      | HP: 1/20 [adder (1)]
   888 | D:1      | Slain by an orc

Illustrated notes

Levels and vault maps discovered:
D:1:      dpeg_arrival_rhombus, layout_loops_ring, serial_forest,
          infiniplex_forest_lined_3, infiniplex_forest_clump_long,
          infiniplex_forest_lined_room_2, infiniplex_forest_straight_5,
          infiniplex_forest_join, infiniplex_forest_corner_1,
          infiniplex_forest_straight_4, infiniplex_forest_end_2
D:2:      layout_rooms

Skill      XL: |  1  2 |
---------------+-------+-----
Spellcasting   | 1 |  1.3
Fighting       | 3 |  3.1
Dodging        | |  2.4
Unarmed Combat | |  3.3

Action                     || total
---------------------------++-------
  Melee: Unarmed           ||    32
         Bite              ||    15
         Dagger            ||    12
    Use: Potion            ||     1
 Armour: Robe              ||     2
  Dodge: Dodged            ||    24

Table legend: (Time is in decaauts)
 A = Elapsed time spent in this place.
 B = Non-inter-level travel time spent in this place.
 C = Inter-level travel time spent in this place.
 D = Time resting spent in this place.
 E = Time spent auto-exploring this place.
 F = Levels seen in this place.
 G = Mean time per level.
                   A        B        C        D        E       F      G
               +--------+--------+--------+--------+--------+-----+--------+
         Total |    885 |    846 |     39 |      0 |    725 |   2 |  442.5 |
       Dungeon |    885 |    846 |     39 |      0 |    725 |   2 |  442.5 |
               +--------+--------+--------+--------+--------+-----+--------+

Top non-repeatable levels by time:
     D:1: 877 daAuts
     D:2: 8 daAuts
